 Dungeon Crawl Stone Soup version 0.31-a0-121-g1e386dd289 (webtiles) character file.

Game seed: 18134508375423187629

33310 pokeman the Eclecticist (level 13, -2/72 HPs)
             Began as a Deep Elf Hedge Wizard on June 1, 2023.
             Was an Elder of Vehumet.
             Splashed by a brown ugly thing's acid (3 damage)
             ... on level 14 of the Dungeon.
             The game lasted 00:48:08 (18419 turns).

pokeman the Eclecticist (Deep Elf Hedge Wizard)    Turns: 18419, Time: 00:48:08

Health: -2/72      AC: 18    Str:  7    XL:     13   Next: 36%
Magic:  1/37       EV: 13    Int: 25    God:    Vehumet [****..]
Gold:   2019       SH:  2    Dex: 14    Spells: 19/49 levels left

rFire   . . .        e - staff of conjuration
rCold   . . .        (no shield)
rNeg    . . .        v - +0 acid dragon scales
rPois   +            F - +2 hat
rElec   .            Y - +2 cloak
rCorr   +            k - +0 pair of gloves
SInv    .            t - +1 pair of boots
Will    +....        x - amulet of regeneration
Stlth   ++           f - ring of poison resistance
HPRegen 1.12/turn    C - ring of the Octopus King {Wiz HP+2 AC+2 EV+2 SH+2}
MPRegen 0.25/turn

%: wizardry (x1)
@: no status effects
A: no striking features
a: Renounce Religion


You were on level 14 of the Dungeon.
You worshipped Vehumet.
Vehumet was greatly pleased with you.
You visited 2 branches of the dungeon, and saw 15 of its levels.
You also visited: Bailey.

You collected 2019 gold pieces.

Inventory:

Missiles
 o - a throwing net
 W - a curare-tipped dart
Armour
 k - a +0 pair of gloves (worn)
 t - a +1 pair of boots (worn)
 v - +0 acid dragon scales (worn)
 F - a +2 hat (worn)
 V - a +0 buckler of reflection
 Y - a +2 cloak (worn)
Magical Staves
 e - a staff of conjuration (weapon)
Jewellery
 f - a ring of poison resistance (left hand)
 i - a +5 ring of evasion
 j - a +5 ring of evasion
 w - a ring of protection from cold
 x - an amulet of regeneration (around neck)
 y - a ring of see invisible
 C - a ring of the Octopus King (right hand) {Wiz HP+2 AC+2 EV+2 SH+2}
   (You found it on level 7 of the Dungeon)

   [ring of wizardry]

   It improves your spell success rate.
   AC:        It affects your AC (+2).
   EV:        It affects your evasion (+2).
   HP:        It affects your health (+2).
   SH:        It affects your SH (+2).
Wands
 p - a wand of polymorph (7)
 B - a wand of light (13)
 X - a wand of roots (10)
Scrolls
 a - a scroll of fog
 l - 6 scrolls of teleportation
 q - a scroll of blinking
Potions
 b - a potion of resistance {unknown}
 c - 2 potions of attraction {unknown}
 d - a potion of magic
 g - 4 potions of degeneration {unknown}
 h - 6 potions of curing {unknown}
 n - 3 potions of lignification {unknown}
 H - a potion of cancellation {unknown}
 R - a potion of haste {unknown}
Miscellaneous
 P - a condenser vane


   Skills:
 - Level 4.0 Fighting
 - Level 6.0 Armour
 - Level 3.0 Dodging
 - Level 3.0 Stealth
 + Level 4.2 Shields
 * Level 18.8 Spellcasting
 + Level 11.3 Conjurations
 - Level 3.0 Summonings
 - Level 3.0 Necromancy
 - Level 1.1 Translocations
 + Level 10.5 Fire Magic
 - Level 1.1 Ice Magic
 - Level 1.0 Air Magic
 - Level 1.0 Poison Magic
 - Level 1.0 Evocations


You had 19 spell levels left.
You knew the following spells:

 Your Spells              Type           Power      Damage    Failure   Level
a - Magic Dart            Conj           100%       1d8       1%          1
b - Mephitic Cloud        Conj/Pois/Air  62%        N/A       1%          3
c - Call Imp              Summ           76%        N/A       1%          2
d - Blink                 Tloc           58%        N/A       1%          2
e - Foxfire               Conj/Fire      100%       2x1d9     1%          1
f - Fireball              Conj/Fire      43%        3d17      1%          5
g - Starburst             Conj/Fire      43%        6d12      1%          6
h - Iskenderun's Mystic   Conj/Tloc      70%        2d14      1%          4
i - Shock                 Conj/Air       100%       1d9       1%          1
j - Freezing Cloud        Conj/Ice/Air   31%        6-21      1%          5

Your spell library contained the following spells:

 Spells                   Type           Power      Damage    Failure   Level
 Freeze                   Ice            100%       1d10      1%          1
 Sandblast                Erth           46%        2d11      1%          1
 Slow                     Hex            92%        N/A       1%          1
 Sting                    Tmut/Pois      100%       1d8       1%          1
 Cigotuvi's Dreadful Rot  Necr/Pois/Air  64%        N/A       1%          2
 Lesser Beckoning         Tloc           58%        N/A       1%          2
 Momentum Strike          Conj/Tloc      100%       3d10      1%          2
 Scorch                   Fire           100%       2d9       1%          2
 Searing Ray              Conj           100%       2d8       1%          2
 Sublimation of Blood     Necr           38%        N/A       1%          2
 Call Canine Familiar     Summ           38%        N/A       1%          3
 Dazzling Flash           Conj/Hex       100%       N/A       1%          3
 Frozen Ramparts          Ice            58%        1d9       1%          3
 Hailstorm                Conj/Ice       70%        3d15      1%          3
 Ignite Poison            Fire/Tmut/Pois 43%        N/A       1%          3
 Volatile Blastmotes      Fire/Tloc      100%       2d18      1%          3
 Flame Wave               Conj/Fire      87%        2d19      1%          4
 Fulminant Prism          Conj/Hex       33%        3d15      1%          4
 Irradiate                Conj/Tmut      33%        3d22      1%          5
 Portal Projectile        Hex/Tloc       52%        N/A       3%          3
 Confusing Touch          Hex            23%        N/A       4%          3
 Animate Dead             Necr           38%        N/A       4%          4
 Dispel Undead            Necr           38%        3d16      4%          4
 Plasma Beam              Fire/Air       25%        2x1d41    5%          6
 Lee's Rapid Deconstruct  Erth           11%        3d8*      11%         5
 Yara's Violent Unravell  Hex/Tmut       11%        3d6       11%         5
 Cause Fear               Hex            11%        N/A       14%         4
 Leda's Liquefaction      Hex/Erth       11%        N/A       14%         4
 Petrify                  Tmut/Erth      23%        N/A       14%         4
 Borgnjor's Vile Clutch   Necr/Erth      15%        N/A       21%         5
 Death Channel            Necr           19%        N/A       50%         6
 Summon Cactus Giant      Summ           19%        N/A       50%         6


Dungeon Overview and Level Annotations

Branches:
Dungeon (14/15)            Temple (1/1) D:4            Lair (0/5) D:8
    Orc (0/2) D:12         Bailey (visited)
 Vaults: D:13-14

Altars:
Ashenzari
Cheibriados
Dithmenos
Elyvilon
Fedhas
Gozag
Hepliaklqana
Kikubaaqudgha
Makhleb
Nemelex Xobeh
Okawaru
Qazlal
Ru
Sif Muna
Trog
Uskayaw
Vehumet
Wu Jian
Xom
Yredelemnul
Zin
The Shining One

Shops:
D:4 (   D:6 *

Annotations:
D:3 1 runed translucent door, Pug's ghost, amateur DsWn
D:7 3 runed translucent doors, Ring behind rock, greynaab's ghost, novice FeFi
D:8 1 runed translucent door, rz's ghost, novice DjFE


Message History

Press: ? - help, Dir - look around, f - activate
Okay, then.
Unknown command.
Casting: Starburst (dangerous; 1% risk of failure)
Confirm with . or Enter, or press ? or * to list all spells.
Casting: Starburst (dangerous; 1% risk of failure)
Press: ? - help, Dir - look around, f - activate You feel a surge of power!
The bolt of fire hits the boulder beetle!
The boulder beetle is almost dead.
The bolt of fire misses the brown ugly thing.
You hear a sizzling sound!
The boulder beetle hits you!!
The boulder beetle stops rolling and uncurls.
You block the brown ugly thing's attack.
Casting: Starburst (dangerous; 1% risk of failure)
Confirm with . or Enter, or press ? or * to list all spells.
You don't have enough magic to cast this spell.
Unknown command.
Okay, then.
Unknown command.
The boulder beetle attacks as you move away!
The boulder beetle bites you but does no damage.
The boulder beetle attacks as you move away!
The boulder beetle bites you!!
The boulder beetle leaps!
The boulder beetle bites you!
* * * LOW HITPOINT WARNING * * *
Unknown command.
The boulder beetle attacks as you move away!
The boulder beetle misses you.
The boulder beetle leaps!
The brown ugly thing gores you!
* * * LOW HITPOINT WARNING * * *
You are splashed with acid.
You resist.
* * * LOW HITPOINT WARNING * * *
Unknown command.
The brown ugly thing attacks as you move away!
The brown ugly thing gores you!
* * * LOW HITPOINT WARNING * * *
You are splashed with acid.
You resist.
You die...

##.##### #......# #.####.###
#.# #...# #.# ###.## # #.#
#..# .# ##.# ###°## ..# u #..#
##.u..#######..#'' ### #.##
#.@#...^..........
..#####.#####.#...............
#.................####''#..###
###..##.#####...B.#.....# '..
#..##.# #....>#.....# .
#.....# #.....#.....# ##...###
#..(.<#.....#. # #....#
#.....#$....#..# ####.##.####
##.)..#######..#


You could see a boulder beetle and a brown ugly thing.

Vanquished Creatures
  A hydra (D:14)
  2 two-headed ogres
  2 centaur warriors
  3 boulder beetles
  2 tengu warriors (D:11)
  An orc high priest (Bailey)
  A wizard (D:13)
  Pikel (D:7)
  3 orc knights (Bailey)
  2 deep elf pyromancers
  2 deep elf zephyrmancers (D:13)
  4 cyclopes
  7 ugly things
  A manticore (D:13)
  A black mamba (shapeshifter) (D:13)
  Maurice (D:11)
  3 gargoyles
  3 unseen horrors
  A komodo dragon (D:11)
  7 kobold demonologists
  A queen bee (shapeshifter) (D:13)
  4 trolls
  A hornet (D:8)
  3 shadows (D:12)
  8 slime creatures
  Sigmund (D:6)
  A centaur simulacrum (D:14)
  2 wyverns (D:9)
  2 vampires
  2 wraiths
  12 yaks
  A basilisk (D:12)
  11 vampire mosquitoes
  2 acid dragons (D:12)
  3 water moccasins (D:8)
  2 ice beasts
  2 sky beasts (D:7)
  8 orc warriors
  3 black bears
  A boggart (D:14)
  5 centaurs
  A phantom (D:3)
  2 lemures (D:7)
  3 kobold brigands (D:11)
  5 bullfrogs
  A wyvern zombie (D:7)
  7 scorpions
  7 wights
  3 troll zombies (D:12)
  A killer bee (D:8)
  5 electric eels (Bailey)
  9 howler monkeys
  A centaur zombie (D:7)
  7 hounds
  2 jellies
  5 orc priests
  A gnoll bouda (D:7)
  6 iguanas
  Natasha (twice) (D:3)
  9 orc wizards
  3 ogre zombies (D:12)
  8 adders
  30 gnolls
  A white imp (D:5)
  2 ufetubi
  5 worms
  A dart slug (D:1)
  25 orcs
  7 endoplasms
  7 giant cockroaches
  21 hobgoblins
  A quokka (D:3)
  3 training dummies (D:4)
  12 ball pythons
  14 bats
  A frilled lizard (D:3)
  17 goblins
  2 goblin skeletons (D:12)
  2 goblin zombies (D:12)
  2 hobgoblin skeletons (D:12)
  2 hobgoblin zombies (D:12)
  19 kobolds
  11 orc zombies (D:12)
  12 rats
408 creatures vanquished.

Vanquished Creatures (collateral kills)
  A gnoll bouda (D:5)
  Natasha (D:3)
  3 gnolls (D:5)
  A ball python (D:3)
  5 foxfires
11 creatures vanquished.

Vanquished Creatures (others)
  352 foxfires
352 creatures vanquished.

Grand Total: 771 creatures vanquished

Notes
Turn   | Place    | Note
-------+----------+-------------------------------------------
     0 | D:1      | pokeman the Deep Elf Hedge Wizard began the quest for the
                  | Orb.
     0 | D:1      | Reached XP level 1. HP: 10/10 MP: 7/7
   328 | D:1      | Reached XP level 2. HP: 15/15 MP: 3/9
   930 | D:1      | Reached skill level 5 in Spellcasting
  1017 | D:1      | Reached XP level 3. HP: 20/20 MP: 0/11
  1021 | D:1      | Learned a level 3 spell: Mephitic Cloud
  1024 | D:1      | Learned a level 2 spell: Call Imp
  1027 | D:1      | Learned a level 2 spell: Blink
  1303 | D:2      | Reached skill level 1 in Fighting
  1435 | D:2      | Reached skill level 1 in Armour
  1944 | D:1      | Reached XP level 4. HP: 7/25 MP: 1/13
  3159 | D:3      | Noticed Natasha
  3175 | D:3      | Killed Natasha
  3176 | D:3      | Reached skill level 6 in Spellcasting
  3176 | D:3      | Reached XP level 5. HP: 29/29 MP: 2/15
  3276 | D:3      | Noticed Natasha
  3297 | D:3      | Killed Natasha
  3382 | D:3      | Found a runed translucent door.
  3383 | D:3      | Noticed Pug's ghost (amateur DsWn)
  3416 | D:3      | Noticed Natasha
  3425 | D:3      | Killed Natasha
  3426 | D:3      | Reached skill level 1 in Air Magic
  3426 | D:3      | Reached skill level 1 in Poison Magic
  3577 | D:3      | Noticed a phantom
  3661 | D:3      | Killed a phantom
  3662 | D:3      | Reached XP level 6. HP: 10/34 MP: 1/17
  4049 | D:3      | Reached skill level 7 in Spellcasting
  4363 | D:4      | Reached XP level 7. HP: 39/39 MP: 10/20
  4780 | D:4      | Learned a level 4 spell: Iskenderun's Mystic Blast
  4787 | D:4      | Learned a level 6 spell: Starburst
  4885 | D:4      | Found a white marble altar of Elyvilon.
  4950 | D:4      | Found a burning altar of Makhleb.
  5035 | D:4      | Reached skill level 8 in Spellcasting
  5159 | D:4      | Found a staircase to the Ecumenical Temple.
  5168 | Temple   | Entered the Ecumenical Temple
  5323 | Temple   | Became a worshipper of Vehumet
  5466 | D:4      | Found Gyibrof's Firing Range.
  5588 | D:5      | Entered Level 5 of the Dungeon
  6112 | D:5      | Reached skill level 1 in Fire Magic
  6496 | D:5      | Reached skill level 1 in Evocations
  6599 | D:5      | Reached * piety under Vehumet
  6599 | D:5      | Offered knowledge of Shock by Vehumet.
  6600 | D:5      | Reached XP level 8. HP: 14/44 MP: 9/22
  6602 | D:5      | Learned a level 1 spell: Shock
  6740 | D:5      | Reached skill level 9 in Spellcasting
  7286 | D:6      | Noticed Sigmund
  7304 | D:6      | Killed Sigmund
  7305 | D:6      | Reached skill level 5 in Conjurations
  7394 | D:6      | Found Uthripief's General Store.
  7668 | D:6      | Reached skill level 10 in Spellcasting
  8071 | D:7      | Noticed Pikel
  8091 | D:7      | Killed Pikel
  8092 | D:7      | Reached skill level 1 in Necromancy
  8092 | D:7      | Reached XP level 9. HP: 49/49 MP: 13/25
  8199 | D:7      | Reached ** piety under Vehumet
  8217 | D:7      | Offered knowledge of Foxfire by Vehumet.
  8220 | D:7      | Learned a level 1 spell: Foxfire
  8412 | D:7      | Found a shimmering altar of Xom.
  8449 | D:7      | Reached skill level 11 in Spellcasting
  8522 | D:7      | Identified the +1 robe "Uvuxkiyh" {rElec}
  8557 | D:7      | Found a runed translucent gate.
  8557 | D:7      | Found a runed translucent gate.
  8557 | D:7      | Found a runed translucent gate.
  8557 | D:7      | Noticed greynaab's ghost (novice FeFi)
  8560 | D:7      | Found a basalt altar of Yredelemnul.
  8734 | D:7      | Found the ring of the Octopus King
  8751 | D:7      | Identified a ring of the Octopus King {Wiz HP+2 AC+2 EV+2
                  | SH+2}
  9077 | D:8      | Offered knowledge of Static Discharge by Vehumet.
  9078 | D:8      | Reached skill level 12 in Spellcasting
  9078 | D:8      | Reached skill level 5 in Fire Magic
  9325 | D:8      | Reached XP level 10. HP: 56/56 MP: 21/28
  9407 | D:8      | Found a shadowy altar of Dithmenos.
  9603 | D:8      | Reached *** piety under Vehumet
  9612 | D:8      | Reached skill level 13 in Spellcasting
  9714 | D:8      | Found a staircase to the Lair.
  9766 | D:8      | Found a runed translucent door.
  9766 | D:8      | Noticed rz's ghost (novice DjFE)
 10074 | D:9      | Identified the +0 quarterstaff of Freehold {flame, +Blink
                  | rPois Dex+4}
 10424 | D:9      | Noticed a boulder beetle
 10589 | D:9      | Killed a boulder beetle
 10777 | D:9      | Reached skill level 14 in Spellcasting
 11114 | D:10     | Entered Level 10 of the Dungeon
 11180 | D:10     | Found a sacrificial altar of Ru.
 11363 | D:10     | Found a flagged portal.
 11416 | Bailey   | Entered a bailey
 11423 | Bailey   | Learned a level 5 spell: Fireball
 11459 | Bailey   | Offered knowledge of Frozen Ramparts by Vehumet.
 11512 | Bailey   | Reached XP level 11. HP: 61/61 MP: 25/31
 11631 | Bailey   | Noticed an orc high priest
 11734 | Bailey   | Killed an orc high priest
 11757 | Bailey   | Reached **** piety under Vehumet
 11857 | Bailey   | Offered knowledge of Stone Arrow by Vehumet.
 11948 | Bailey   | Noticed an orc knight
 11957 | Bailey   | Killed an orc knight
 12065 | Bailey   | Identified the +7 hand axe of Kyevosyts {vamp, Dex+2}
 12066 | Bailey   | Noticed an orc knight
 12073 | Bailey   | Killed an orc knight
 12075 | Bailey   | Identified the +5 plate armour "Masaock" {rF+ Will+ Int+4}
 12194 | Bailey   | Found an iron altar of Okawaru.
 12386 | Bailey   | Noticed an orc knight
 12390 | Bailey   | Killed an orc knight
 12391 | Bailey   | Reached skill level 15 in Spellcasting
 12506 | Bailey   | Acquired 839 gold pieces
 12855 | D:11     | Reached skill level 5 in Armour
 12861 | D:11     | Noticed a tengu warrior
 13031 | D:11     | Acquired a staff of conjuration
 13404 | D:11     | Reached skill level 16 in Spellcasting
 13521 | D:11     | Noticed a tengu warrior
 13529 | D:11     | Killed a tengu warrior
 13530 | D:11     | Killed a tengu warrior
 13531 | D:11     | Reached XP level 12. HP: 66/66 MP: 15/34
 13709 | D:11     | Reached ***** piety under Vehumet
 13709 | D:11     | Offered knowledge of Freezing Cloud by Vehumet.
 13716 | D:11     | Learned a level 5 spell: Freezing Cloud
 14032 | D:11     | Noticed Maurice
 14039 | D:11     | Killed Maurice
 14266 | D:12     | Noticed a two-headed ogre
 14269 | D:12     | Killed a two-headed ogre
 14270 | D:12     | Reached skill level 1 in Ice Magic
 14499 | D:12     | Reached skill level 1 in Shields
 14503 | D:12     | Reached skill level 10 in Conjurations
 14729 | D:12     | Noticed a centaur warrior
 14731 | D:12     | Killed a centaur warrior
 14736 | D:12     | Reached skill level 17 in Spellcasting
 15524 | D:12     | Found a staircase to the Orcish Mines.
 16196 | D:13     | Noticed a two-headed ogre
 16198 | D:13     | Killed a two-headed ogre
 16534 | D:13     | Noticed a boulder beetle
 16666 | D:13     | Killed a boulder beetle
 16667 | D:13     | Reached skill level 18 in Spellcasting
 16948 | D:13     | Reached skill level 10 in Fire Magic
 17182 | D:13     | Noticed a boulder beetle
 17189 | D:13     | Killed a boulder beetle
 17190 | D:13     | Reached XP level 13. HP: 70/70 MP: 14/37
 17298 | D:13     | Got Ts'ui Pên's Folio of Forking Paths
 17305 | D:13     | Got the Quarto of Plaster Cramp
 17342 | D:13     | Got Fossivus's Tome of Sand
 18419 | D:14     | HP: 1/72 [brown ugly thing (7)]
 18419 | D:14     | Splashed by a brown ugly thing's acid

Illustrated notes

Levels and vault maps discovered:
D:1:      evilmike_arrival_crescent, layout_loops_ring
D:2:      layout_basic, serial_bayou_crossing
D:3:      layout_basic, ebering_ghost_inner_flame, kennysheep_generic_room_11,
          uniq_natasha
D:4:      layout_basic, mainiacjoe_overflow_tiny_flanked,
          nicolae_overflow_hidden_temple, minmay_temple_entry_sparse_star,
          st_stairs_10, hangedman_abyss_or_decor_passed,
          nicolae_shop_firing_range
D:5:      layout_gridville
D:6:      layout_basic, serial_shops, nicolae_diamond_shop, uniq_sigmund
D:7:      old_forge, layout_rooms, mainiacjoe_overflow_six_doors_small,
          nicolae_yredelemnul_ghost_church, item_on_display_b, uniq_pikel
D:8:      layout_rooms, nicolae_dithmenos_through_a_glass_darkly,
          due_lair_maze_entry_diamond, gammafunk_ghost_grave
D:9:      layout_basic
D:10:     layout_rooms, nicolae_ru_great_annihilating_truth, enter_bailey_4,
          minmay_misc_feat_room, minmay_misc_feat_pillars,
          minmay_misc_feat_nine_boxes
D:11:     layout_irregular_city, uniq_maurice
D:12:     layout_basic, zombieorc1_lemuel
D:13:     layout_basic, bh_hangedman_babel_library
D:14:     layout_rooms, skrybe_vaults_entry_preservation,
          chequers_serial_rivers_large_a, blue_anna_alchemist
Temple:   regret_index_temple_sphere_string

Skill      XL: |  1  2  3  4  5  6  7  8  9 10 11 12 13 |
---------------+----------------------------------------+-----
Spellcasting   | 5 6 7 8 10 12 14 16 18 | 18.8
Fighting       | 1 2 3 4 |  4.0
Armour         | 1 2 3 4 5 6 |  6.0
Conjurations   | 2 3 4 5 6 8 9 10 11 | 11.3
Dodging        | 3 |  3.0
Stealth        | 3 |  3.0
Air Magic      | 1 |  1.0
Poison Magic   | 1 |  1.0
Summonings     | 2 3 |  3.0
Fire Magic     | 1 3 5 6 8 10 | 10.5
Evocations     | 1 |  1.0
Necromancy     | 1 3 |  3.0
Ice Magic      | 1 |  1.1
Shields        | 3 4 |  4.2
Translocations | |  1.1

Action                     |  1- 3 |  4- 6 |  7- 9 | 10-12 | 13-15 || total
---------------------------+-------+-------+-------+-------+-------++-------
  Melee: Dagger            |    15 |    59 |    32 |       |       ||   106
         Punch             |     1 |       |     2 |     4 |       ||     7
         Whip              |       |       |     7 |    71 |       ||    78
         Staff             |       |       |       |    11 |       ||    11
   Cast: Magic Dart        |   115 |   147 |   198 |     1 |       ||   461
         Mephitic Cloud    |     3 |     8 |    22 |    21 |     1 ||    55
         Call Imp          |     1 |     7 |     3 |     1 |       ||    12
         Blink             |       |     1 |     1 |       |       ||     2
         Shock             |       |       |    79 |       |       ||    79
         Foxfire           |       |       |   102 |   108 |       ||   210
         Starburst         |       |       |       |    34 |     7 ||    41
         Iskenderun's Myst |       |       |       |     5 |       ||     5
         Fireball          |       |       |       |   161 |    34 ||   195
         Freezing Cloud    |       |       |       |       |     2 ||     2
    Use: Scroll            |       |       |       |    16 |       ||    16
   Stab: Confused          |       |     7 |     1 |     8 |       ||    16
         Paralysed         |       |       |       |     1 |       ||     1
 Armour: Robe              |     6 |     9 |    19 |    20 |       ||    54
         Acid dragon scale |       |       |       |     3 |     2 ||     5
  Dodge: Dodged            |    28 |    79 |   149 |   103 |     2 ||   361
  Block: Other             |       |       |       |     3 |     1 ||     4

Table legend: (Time is in decaauts)
 A = Elapsed time spent in this place.
 B = Non-inter-level travel time spent in this place.
 C = Inter-level travel time spent in this place.
 D = Time resting spent in this place.
 E = Time spent auto-exploring this place.
 F = Levels seen in this place.
 G = Mean time per level.
                   A        B        C        D        E       F      G
               +--------+--------+--------+--------+--------+-----+--------+
         Total |  18483 |  17554 |    929 |   1841 |  12621 |  16 | 1155.2 |
       Dungeon |  17152 |  16253 |    899 |   1641 |  11877 |  14 | 1225.1 |
        Temple |    218 |    188 |     30 |      0 |    131 |   1 |  218.0 |
        Bailey |   1112 |   1112 |      0 |    200 |    613 |   1 | 1112.0 |
               +--------+--------+--------+--------+--------+-----+--------+

Top non-repeatable levels by time:
    D:13: 1614 daAuts
    D:12: 1603 daAuts
     D:1: 1481 daAuts
     D:4: 1457 daAuts
     D:2: 1394 daAuts
    D:11: 1372 daAuts
     D:3: 1336 daAuts
     D:7: 1138 daAuts
     D:5: 1137 daAuts
  Bailey: 1112 daAuts
     D:8: 1078 daAuts
     D:6: 1068 daAuts
     D:9: 1058 daAuts
    D:10: 776 daAuts
    D:14: 633 daAuts
